 Dungeon Crawl Stone Soup version 0.20.0-7-g3b7b877 (webtiles) character file.

408 Hasart the Poker (level 6, 0/43 HPs)
             Began as an Octopode Fighter on May 29, 2017.
             Slain by an orc wizard
             ... wielding a +0 dagger
              (2 damage)
             ... on level 4 of the Dungeon.
             The game lasted 00:06:54 (3876 turns).

Hasart the Poker (Octopode Fighter)                 Turns: 3876, Time: 00:06:55

Health: 0/43       AC:  1    Str: 21 (23) XL:     6   Next: 88%
Magic:  6/6        EV: 12    Int:  9 (10) God:
Gold:   99         SH:  0    Dex: 10 (11) Spells: 5/5 levels left

rFire    . . .     SeeInvis .   u - +0 trident (flame)
rCold    + . .     Gourm    .   b - +0 shield
rNeg     . . .     Faith    .   (helmet restricted)
rPois    .         Spirit   .   (no amulet)
rElec    .         Reflect  .   a - ring of protection from cold (curse)
rCorr    .         Harm     .   (no ring)
MR       .....                  (no ring)
Stlth    ++........             (no ring)
Regen    0.2/turn               (no ring)
MPRegen  0.1/turn               (no ring)
                                (no ring)
                                (no ring)

@: confused, mighty
A: almost no armour, stealthy swim, amphibious, 8 rings, constrict 8, camouflage
1, gelatinous body 1
a: no special abilities


You were on level 4 of the Dungeon.
You were hungry.

You visited 1 branch of the dungeon, and saw 4 of its levels.

You collected 219 gold pieces.
You spent 120 gold pieces at shops.

Inventory:

Hand Weapons
 u - a +0 trident of flaming (weapon)
Armour
 b - a +0 shield (worn)
Jewellery
 a - a cursed ring of protection from cold (left tentacle)
Wands
 t - a wand of random effects (36/48)
 v - a wand of flame (19/48)
Scrolls
 e - a scroll of immolation
 f - a scroll of teleportation
 h - 2 scrolls of remove curse
 j - a scroll of identify
 k - a scroll of amnesia
Potions
 p - a potion of magic
Comestibles
 d - 4 bread rations
 n - 3 meat rations
 s - a royal jelly


   Skills:
 + Level 4.1 Fighting
 * Level 4.6 Polearms
 + Level 4.2 Dodging
 + Level 4.3 Shields


You had 5 spell levels left.
You didn't know any spells.

Dungeon Overview and Level Annotations

Branches:
Dungeon (4/15)
 Temple: D:4-7

Altars:
Ru
Uskayaw

Shops:
D:4 [*


Innate Abilities, Weirdness & Mutations

You cannot wear most types of armour.
You are very stealthy in the water. (Stealth+)
You are amphibious.
You can wear up to eight rings at the same time.
You can use your tentacles to constrict eight enemies at once.
Your skin changes colour to match your surroundings (Stealth+).
Your rubbery body absorbs attacks. (AC +1, EV +1)


Message History

Unknown command.
You hit something but do no damage. Something hits you but does no damage.
Unknown command.
You barely miss something. Your squeeze misses something.
You hear some strange, mumbled words.
You are confused.
Unknown command.
You miss something. Something hits you.
* * * LOW HITPOINT WARNING * * *
Unknown command.
You bump into the rock wall.
Something hits you.
* * * LOW HITPOINT WARNING * * *
Unknown command.
You feel very mighty all of a sudden. Something hits you.
* * * LOW HITPOINT WARNING * * *
You miss something. Something hits you.
* * * LOW HITPOINT WARNING * * *
Something hits you.
You die...

#.......###.>#
##.
#.......##...# #.
#.......##.#.# #
#.
#.....†.##.#.#.##
#.
...........≈....#
#.
####.##.#)≈≈♣..##
.. ##.#..≈♣..#
... #....P≈♣..#
#... #.##@#PP#
##.# #.#.##{####
#< #....oS.# #.#
###.....# #..
....###.).S....
..# ##).
#..#..... #. #./#
.... # .$.# ...
...# ..


You could see an adder and an orc.

Vanquished Creatures
  An ogre (D:4)
  2 orc priests (D:3)
  An orc wizard (D:4)
  Ijyb (D:3)
  2 worker ants (D:4)
  A gnoll (D:1)
  2 adders (D:2)
  An ooze (D:2)
  2 worms (D:2)
  2 dart slugs
  3 leopard geckos (D:1)
  12 orcs
  2 ball pythons
  4 giant cockroaches
  9 goblins
  6 hobgoblins
  19 jackals
  10 kobolds
  5 bats
  7 frilled lizards
  8 rats
100 creatures vanquished.

Notes
Turn   | Place    | Note
-------+----------+-------------------------------------------
     0 | D:1      | Hasart the Octopode Fighter began the quest for the Orb.
     0 | D:1      | Reached XP level 1. HP: 16/16 MP: 1/1
    90 | D:1      | Reached XP level 2. HP: 20/21 MP: 2/2
   444 | D:1      | Reached XP level 3. HP: 25/26 MP: 3/3
  1414 | D:2      | Noticed a dagger
  1414 | D:2      | Noticed a dagger
  1419 | D:2      | Found a hide-covered altar of Uskayaw.
  1430 | D:2      | Reached XP level 4. HP: 30/31 MP: 4/4
  2438 | D:3      | Reached XP level 5. HP: 29/36 MP: 5/5
  2878 | D:3      | Noticed Ijyb
  2884 | D:3      | Killed Ijyb
  3267 | D:4      | Noticed an ogre
  3279 | D:4      | Killed an ogre
  3279 | D:4      | Reached XP level 6. HP: 23/43 MP: 6/6
  3486 | D:4      | Found a sacrificial altar of Ru.
  3537 | D:4      | Found Xitath's Assorted Antiques.
  3541 | D:4      | Bought a sapphire ring for 120 gold pieces
  3790 | D:4      | Found Tasaiw's Antique Armour Shoppe.
  3876 | D:4      | HP: 2/43 [something (1)]
  3876 | D:4      | Slain by an orc wizard

Skill      XL: |  1  2  3  4  5 |
---------------+----------------+-----
Polearms       | 3 4 |  4.6
Fighting       | 4 |  4.1
Dodging        | 4 |  4.2
Shields        | 4 |  4.3

Action                   |  1- 3 |  4- 6 || total
-------------------------+-------+-------++-------
Melee: Trident           |    79 |   167 ||   246
       Constrict         |    15 |    39 ||    54
       Tentacles         |     6 |    31 ||    37
Evoke: Wand              |       |     4 ||     4
  Use: Scroll            |       |     8 ||     8
       Potion            |       |     4 ||     4
 Stab: Sleeping          |     3 |     9 ||    12
  Eat: Chunk             |     2 |     7 ||     9
Armor: Skin              |     8 |     6 ||    14
Dodge: Dodged            |    31 |    50 ||    81
Block: Shield            |    37 |    48 ||    85
